Map: Odyssey LE

Players

llllllllllll - Winner!

  • Race: Terran Terran
  • League: Master
  • Spawn Location: 5:00

MaLiBu

  • Race: Zerg Zerg
  • League: Master
  • Spawn Location: 11:00

VOD

Have the link to the VOD?

Description

Time

  • Played on: July 7, 2017, 3:59 a.m.
  • Length: 7:17
Show
View Real Time Build Order
Export as new Build Order

llllllllllll Terran - Winner!

Build Orders: Reaper Expand, MMM Bio 

Get SALT Encoding   

  12  0:00  SCV  
  13  0:12  SCV  
  14  0:17  Supply Depot  
  14  0:25  SCV  
  15  0:29  Refinery  
  15  0:38  SCV  
  16  0:44  Barracks  
  16  0:50  SCV  
  17  1:03  SCV  
  18  1:15  SCV  
  19  1:31  Orbital Command  
  19  1:32  Reaper  
  20  1:43  Command Center  
  20  1:53  Factory  
  20  1:57  SCV  
  21  2:06  Barracks Reactor  
  21  2:09  SCV  
  21  2:13  Supply Depot  
  22  2:21  SCV  
  23  2:34  SCV  
  24  2:46  Command Center  
  24  2:49  Hellion  
  24  2:50  Hellion  
  28  2:53  SCV  
  29  3:03  Barracks Tech Lab  
  29  3:09  SCV  
  29  3:14  Orbital Command  
  29  3:16  Hellion  
  29  3:17  Hellion  
  33  3:21  SCV  
  33  3:26  Stimpack  
  34  3:31  Marine  
  34  3:33  SCV  
  36  3:35  Refinery  
  36  3:46  Barracks  
  36  3:49  Barracks  
  36  3:50  Factory Reactor  
  36  3:53  SCV x2  
  38  4:00  Orbital Command  
  38  4:04  Marine  
  39  4:11  SCV x2  
  41  4:17  Engineering Bay  
  41  4:18  Engineering Bay  
  41  4:23  SCV x2  
  43  4:27  SCV  
  44  4:33  Starport  
  44  4:38  Factory Reactor  
  44  4:39  Marine x2  
  44  4:40  Marine  
  44  4:43  Bunker  
  47  4:45  Terran Infantry Weapons Level 1  
  47  4:46  Terran Infantry Armor Level 1  
  47  4:47  SCV  
  47  4:49  SCV  
  47  4:50  SCV  
  50  4:55  Supply Depot  
  50  4:57  Marine x3  
  50  4:58  Marine  
  50  4:59  Marine, Supply Depot  
  55  5:01  SCV  
  55  5:05  Refinery  
  55  5:06  Refinery  
  57  5:07  SCV  
  57  5:08  SCV  
  58  5:17  SCV  
  58  5:19  SCV  
  58  5:20  Factory Tech Lab  
  60  5:25  Marine x2  
  60  5:26  Marine x3  
  64  5:29  Medivac x2  
  64  5:31  SCV x3  
  71  5:38  Combat Shields  
  71  5:39  Supply Depot  
  71  5:40  Supply Depot  
  71  5:43  SCV x2  
  71  5:45  Orbital Command  
  71  5:48  Siege Tank  
  76  5:50  SCV  
  77  6:00  Marine x5, SCV  
  77  6:02  Armory  
  83  6:10  SCV x2  
  85  6:12  Barracks x2  
  85  6:13  SCV  
  86  6:21  Siege Tank  
  86  6:22  Marine x4  
  93  6:26  Supply Depot  
  93  6:44  Marine  
  91  6:48  Marine x3, SCV x2  
  91  6:49  Marine  
  97  6:57  SCV  
  97  7:00  SCV  
  101  7:10  Barracks Reactor x2  
  101  7:12  Supply Depot  
  101  7:13  Supply Depot x2  
Show
View Real Time Build Order
Export as new Build Order

MaLiBu Zerg 

Build Orders: Pool First 

Get SALT Encoding   

  12  0:00  Drone  
  13  0:12  Overlord  
  13  0:16  Drone  
  14  0:30  Drone x2  
  14  0:35  Drone  
  17  0:44  Extractor  
  17  0:45  Spawning Pool  
  17  0:49  Drone  
  16  0:55  Drone  
  17  1:07  Drone  
  18  1:19  Hatchery  
  18  1:22  Drone  
  18  1:27  Drone  
  19  1:36  Queen  
  21  1:41  Zergling x2  
  22  1:49  Overlord  
  22  1:53  Metabolic Boost  
  22  2:10  Drone  
  22  2:11  Drone, Queen  
  26  2:23  Drone  
  26  2:29  Roach Warren  
  26  2:30  Drone  
  26  2:36  Drone  
  28  2:42  Drone  
  28  2:44  Drone x2  
  32  2:58  Queen  
  34  2:59  Overlord  
  34  3:00  Drone x2  
  35  3:19  Roach Warren  
  34  3:21  Drone x3, Hatchery  
  34  3:26  Drone x2  
  38  3:27  Drone  
  39  3:40  Overlord  
  39  3:42  Drone x2  
  39  3:43  Drone  
  39  3:44  Extractor  
  39  3:45  Drone x3  
  44  3:54  Overlord x2  
  44  4:02  Drone x2  
  46  4:05  Evolution Chamber x2  
  44  4:15  Roach x4  
  52  4:26  Drone x8  
  60  4:33  Zerg Ground Armor Level 1  
  60  4:34  Zerg Melee Weapons Level 1  
  60  4:41  Drone x4  
  60  4:42  Drone  
  65  4:46  Queen  
  67  4:57  Drone x3  
  67  4:59  Queen, Lair  
  70  5:03  Overlord  
  70  5:04  Overlord  
  72  5:09  Drone  
  72  5:10  Extractor  
  72  5:12  Drone  
  73  5:14  Extractor  
  73  5:15  Overlord  
  73  5:16  Overlord  
  72  5:26  Drone x4  
  72  5:29  Drone x3  
  72  5:30  Drone x3  
  78  5:41  Overlord  
  78  5:43  Drone x2  
  78  5:44  Extractor  
  78  5:45  Drone x4, Extractor  
  82  5:52  Drone  
  82  5:53  Drone  
  84  5:59  Drone x2  
  84  6:00  Baneling Nest, Spire  
  85  6:04  Drone  
  85  6:11  Zergling x16  
  87  6:12  Hatchery  
  92  6:24  Drone  
  92  6:25  Queen  
  95  6:26  Hatchery  
  92  6:42  Zergling x22  
  92  6:43  Zergling x2  
  93  6:51  Zergling x6  
Tags
 
Add a new tag
Caveats
  • Supply blocks, unpowered buildings, or Contaminate may cause inaccurate times.
  • Supply counts are checked every 10 seconds.